AoeStats
← º CAIKE

MegaRandom

509803319Analyzed
2v2 RM · 5d ago on Sep 28, 2026· 43m 7s· 4 players
Game mode
Random Map
Map size
Medium (4 player)
Population
200
Speed
Normal
Resources
Standard
Victory
Conquest
Starting age
Dark Age
Ending age
Imperial Age
RankedLock teamsTeams togetherTeam positionsShared explorationLock speedFull tech treeHidden civsTurbo modeCheats
Victory
Defeat
🇻🇪 Khmer · Venezuela
1092
+15
🇺🇸 Inca · United States
1030
+17
🇨🇦 Byzantines · Canada
1087
-17
🇨🇦 Jurchens · Canada
1039
-15
Jman
0:28 Loom
11:35 Feudal Age
12:58 Double-Bit Axe
13:48 Horse Collar
20:23 Castle Age
25:23 Forging
25:19 Scale Barding Armor
25:48 Pikeman
26:48 Husbandry
28:00 Gold Mining
28:39 Stone Mining
32:13 Padded Archer Armor
36:30 Wheelbarrow
42:06 Imperial Age
40:05 Chain Barding Armor
40:21 Iron Casting
39:14 Man-at-Arms
40:14 Long Swordsman
42:19 Bow Saw
ptom
0:30 Loom
10:26 Feudal Age
11:29 Double-Bit Axe
11:29 Horse Collar
15:23 Gold Mining
16:21 Wheelbarrow
21:20 Town Watch
28:20 Castle Age
26:33 Stone Mining
27:17 Bloodlines
31:46 Husbandry
32:35 Bow Saw
33:15 Heavy Plow
34:40 Forging
35:07 Fletching
35:50 Scale Barding Armor
38:46 Stone Shaft Mining
40:13 Gold Shaft Mining
40:42 Hand Cart
41:04 Bodkin Arrow
Lazerkats
10:43 Feudal Age
8:59 Loom
11:19 Double-Bit Axe
11:16 Horse Collar
15:13 Forging
15:47 Champi Runner
17:34 Town Watch
18:42 Scale Mail Armor
22:13 Fletching
26:45 Castle Age
26:54 Gold Mining
26:55 Stone Mining
27:30 Heavy Plow
27:41 Bow Saw
27:20 Pikeman
28:01 Squires
28:48 Wheelbarrow
28:59 Gold Shaft Mining
32:29 Hand Cart
32:53 Sanctity
33:15 Bodkin Arrow
38:53 Imperial Age
36:24 Guard Tower
37:35 Town Patrol
39:19 Iron Casting
38:59 Chain Mail Armor
40:23 Keep
40:51 Chemistry
40:13 Ballistics
40:59 Murder Holes
40:59 Arrowslits
42:10 Conscription
43:07 Keep
º CAIKE
7:22 Loom
9:35 Feudal Age
13:39 Bloodlines
13:42 Forging
14:21 Scale Barding Armor
25:18 Castle Age
26:06 Husbandry
26:16 Double-Bit Axe
27:51 Iron Casting
27:36 Chain Barding Armor
32:22 Wheelbarrow
34:50 Pikeman
38:34 Imperial Age
36:36 Bow Saw
37:02 Scale Mail Armor
40:19 Chemistry
39:15 Elite Battle Elephant
Connection lost

Rejoining the realm…

Still unreachable

The connection could not be restored.

Session expired

The server has moved on; the page needs a fresh start.